[Event "94th ARG-ch Superior 2019"]
[Site "Buenos Aires"]
[Date "2019.09.19"]
[Round "4.3"]
[White "Peralta, Fernando"]
[Black "Tristan, Leonardo"]
[Result "0-1"]
[ECO "A00"]
[WhiteElo "2566"]
[BlackElo "2509"]
[Annotator "Igor RC"]
[PlyCount "130"]
[EventDate "2019.09.16"]
[EventType "tourn"]
[EventCountry "ARG"]
[TimeControl "40/5400+30:1800+30"]

1. d4 Nf6 2. c4 e6 3. Nf3 d5 4. Nc3 Bb4 5. Qa4+ Nc6 6. e3 O-O 7. Qc2 Re8 8. Bd2 a6 9. a3 Bd6 10. h3 Bd7 11. Be2 dxc4 12. Bxc4 h6 13. O-O e5 14. Rae1 e4 15. Nh2 Bf5 16. f4 h5 17. Nf3 Bxf4 18. Nh4 Nxd4 19. Qd1 Bxh3 20. Rxf4 Bg4 21. Qc1 Ne6 22. Bxe6 Rxe6 23. Nf5 Bxf5 24. Rxf5 g6 25. Rf4 Ng4 26. Nxe4 g5 27. Rxg4 hxg4 28. Ng3 Qd3 29. Bc3 Rd8 30. e4 f6 31. Nh5 Qd6 32. Qe3 Rde8 33. Qf2 f5 34. Qxf5 Qb6+ 35. Kh2 Rf8 36. Qxg5+ Rg6 37. Qd5+ Kh7 38. Qd7+ Kg8 39. Qd5+ Kh7 40. Qd7+ Kg8 41. Bd4 Qa5 42. Qd5+ Qxd5 43. exd5 Rf5 44. Re5 Rxe5 45. Bxe5 Rh6 46. Kg3 Rxh5 47. Kf4 Kf7 48. Ke4 Rh1 49. Kf4 Rc1 50. Kxg4 Rc5 51. Kf4 Rxd5 52. Bxc7 Rd2 53. Be5 Rxg2 54. Ke3 Ke6 55. Bc3 Kd5 56. Kd3 Rh2 57. a4 Rg2 58. b3 Kc5 59. Bd2 Rg3+ 60. Kc2 Kd4 61. Bb4 Rg2+ 62. Kb1 b6 63. a5 b5 64. Kc1 Kd3 65. Kb1 Rg4 0-1

[Event "94th ARG-ch Superior 2019"]
[Site "Buenos Aires"]
[Date "2019.09.19"]
[Round "4.5"]
[White "Flores, Diego"]
[Black "Perez, Maximiliano"]
[Result "1-0"]
[ECO "A00"]
[WhiteElo "2602"]
[BlackElo "2429"]
[Annotator "Igor RC"]
[PlyCount "103"]
[EventDate "2019.09.16"]
[EventType "tourn"]
[EventCountry "ARG"]
[TimeControl "40/5400+30:1800+30"]

1. Nf3 Nf6 2. c4 e6 3. g3 d5 4. Bg2 Be7 5. O-O O-O 6. b3 b6 7. Bb2 c5 8. Nc3 Bb7 9. e3 Qc8 10. Rc1 Rd8 11. d4 dxc4 12. bxc4 Ne4 13. Ne2 Nd7 14. Nf4 Nef6 15. d5 exd5 16. cxd5 Bd6 17. Nd4 Re8 18. Nf5 Bf8 19. Nh5 Qd8 20. Nhxg7 Bxg7 21. Nxg7 Kxg7 22. e4 Kf8 23. Re1 Qe7 24. e5 Bxd5 25. Qd2 Ng8 26. Bxd5 Rad8 27. e6 Ndf6 28. exf7 Qxf7 29. Rxe8+ Nxe8 30. Rd1 Qf5 31. Qd3 Ne7 32. Qxf5+ Nxf5 33. Rd3 Ke7 34. Be4 Rxd3 35. Bxd3 Ned6 36. g4 Nh6 37. h3 Nhf7 38. Kh2 h6 39. f4 Ke6 40. h4 c4 41. Bc2 b5 42. Bc3 Nd8 43. f5+ Ke7 44. g5 hxg5 45. hxg5 Nc6 46. f6+ Kf8 47. g6 b4 48. Bd2 a5 49. Bf4 Nf7 50. Be4 Ncd8 51. Bd5 c3 52. Bc7 1-0

[Event "94th ARG-ch Superior 2019"]
[Site "Buenos Aires"]
[Date "2019.09.20"]
[Round "5.4"]
[White "Tristan, Leonardo"]
[Black "Valerga, Diego"]
[Result "1-0"]
[ECO "A00"]
[WhiteElo "2509"]
[BlackElo "2418"]
[Annotator "Igor"]
[PlyCount "135"]
[EventDate "2019.09.16"]
[EventType "tourn"]
[EventCountry "ARG"]
[TimeControl "40/5400+30:1800+30"]

1. d4 Nf6 2. c4 e6 3. Nc3 Bb4 4. Qc2 d5 5. cxd5 Qxd5 6. e3 c5 7. a3 Bxc3+ 8. bxc3 Nbd7 9. f3 Qc6 10. Bd3 e5 11. Bb2 c4 12. Be2 Nd5 13. Bc1 O-O 14. e4 Ne7 15. d5 Qa6 16. Be3 Ng6 17. g3 f5 18. Qa2 b5 19. a4 fxe4 20. fxe4 Qa5 21. Qb2 bxa4 22. Qb4 Qxb4 23. cxb4 Nf6 24. Bxc4 Nxe4 25. d6+ Rf7 26. Rxa4 Nxd6 27. Bxf7+ Nxf7 28. Ne2 a6 29. Nc3 Bb7 30. O-O Ne7 31. b5 axb5 32. Rxa8+ Bxa8 33. Bc5 Ng6 34. Nxb5 Ng5 35. Rb1 Be4 36. Rb4 Nh3+ 37. Kf1 Bf3 38. Nd6 h6 39. Rb8+ Kh7 40. Be3 Ne7 41. Re8 Ng6 42. Nf7 Bc6 43. Rd8 Bf3 44. Rd7 Kg8 45. Nd6 Nh8 46. Rc7 Ng5 47. Bxg5 hxg5 48. Re7 Ng6 49. Re8+ Kh7 50. Nf7 Bd5 51. Nxg5+ Kh6 52. Ne6 Bc6 53. Rd8 Ne7 54. Rd6 g6 55. Nd8 Bd5 56. Rd7 Bc4+ 57. Kf2 Nf5 58. Nf7+ Bxf7 59. Rxf7 Kg5 60. Kf3 e4+ 61. Ke2 Kg4 62. Rf6 Kh3 63. Rxg6 Kxh2 64. g4 Nh4 65. Rg8 Ng2 66. g5 Kg3 67. Rf8 Nh4 68. g6 1-0

[Event "94th ARG-ch Superior 2019"]
[Site "Buenos Aires"]
[Date "2019.09.21"]
[Round "6.2"]
[White "Peralta, Fernando"]
[Black "Bitelmajer, Martin"]
[Result "1-0"]
[ECO "A00"]
[WhiteElo "2566"]
[BlackElo "2469"]
[Annotator "Igor"]
[PlyCount "97"]
[EventDate "2019.09.16"]
[EventType "tourn"]
[EventCountry "ARG"]
[TimeControl "40/5400+30:1800+30"]

1. d4 Nf6 2. c4 e6 3. Nf3 Bb4+ 4. Nbd2 O-O 5. a3 Be7 6. e4 d5 7. e5 Nfd7 8. Bd3 c5 9. Qc2 h6 10. O-O Nc6 11. Nb3 cxd4 12. Re1 Re8 13. Bf4 Bf8 14. cxd5 exd5 15. Rad1 g5 16. Bg3 Bg7 17. Bb5 Ndb8 18. Nfxd4 Qb6 19. Bf1 Nxd4 20. Nxd4 Nc6 21. Nf5 Bxf5 22. Qxf5 Ne7 23. Qf3 Rad8 24. b4 a6 25. Bd3 Rd7 26. Bb1 Qe6 27. h4 g4 28. Qd3 Ng6 29. h5 Nf8 30. Ba2 Qe7 31. Qf5 Qe6 32. Qd3 Qe7 33. Qe2 Qg5 34. Rxd5 Rxd5 35. Bxd5 Re7 36. Qe3 Qxh5 37. Qc5 Ng6 38. Bxb7 Bxe5 39. Bxe5 g3 40. fxg3 Rxe5 41. Rxe5 Nxe5 42. Bxa6 Qd1+ 43. Bf1 Ng4 44. Qc8+ Kg7 45. Qc3+ Kg8 46. a4 h5 47. a5 Qb1 48. a6 Qa2 49. Qc5 1-0

[Event "94th ARG-ch Superior 2019"]
[Site "Buenos Aires"]
[Date "2019.09.21"]
[Round "6.3"]
[White "Valerga, Diego"]
[Black "Pichot, Alan"]
[Result "0-1"]
[ECO "A00"]
[WhiteElo "2418"]
[BlackElo "2600"]
[Annotator "Igor"]
[PlyCount "82"]
[EventDate "2019.09.16"]
[EventType "tourn"]
[EventCountry "ARG"]
[TimeControl "40/5400+30:1800+30"]

1. e4 c5 2. Nf3 d6 3. d4 cxd4 4. Nxd4 Nf6 5. Nc3 a6 6. a4 g6 7. Be2 Bg7 8. O-O O-O 9. Be3 Nc6 10. Qd2 Bd7 11. f3 Qa5 12. Nb3 Qc7 13. a5 Ne5 14. Na4 Bxa4 15. Rxa4 Qc6 16. Rd4 Rfc8 17. c3 b5 18. axb6 Qxb6 19. Rb4 Qc6 20. Ra1 d5 21. Rb6 Qc7 22. exd5 Bh6 23. Rbxa6 Rxa6 24. Rxa6 Bxe3+ 25. Qxe3 Rb8 26. Nd2 Nxd5 27. Qd4 Rd8 28. Nc4 Nxc4 29. Qxc4 Qb8 30. Ra5 Qb6+ 31. Rc5 Nf4 32. b4 Ne6 33. Qb5 Qd6 34. Rc6 Qd2 35. Bf1 Qe3+ 36. Kh1 Rd1 37. h3 Qf2 38. Rc8+ Kg7 39. Qe5+ Kh6 40. Kh2 Qxf1 41. b5 Qg1+ 0-1

[Event "94th ARG-ch Superior 2019"]
[Site "Buenos Aires"]
[Date "2019.09.22"]
[Round "7.1"]
[White "Perez, Maximiliano"]
[Black "Aguilar, Andres"]
[Result "1-0"]
[ECO "A00"]
[WhiteElo "2429"]
[BlackElo "2319"]
[Annotator "Igor"]
[PlyCount "81"]
[EventDate "2019.09.16"]
[EventType "tourn"]
[EventCountry "ARG"]
[TimeControl "40/5400+30:1800+30"]

1. e4 c5 2. Nf3 Nc6 3. d4 cxd4 4. Nxd4 Nf6 5. Nc3 d6 6. Bg5 e6 7. Qd2 a6 8. O-O-O Bd7 9. Nxc6 Bxc6 10. f3 Be7 11. h4 O-O 12. Kb1 b5 13. Ne2 Bb7 14. Nd4 Qc7 15. Bd3 Rfe8 16. h5 Rac8 17. Rc1 Nd7 18. Bxe7 Rxe7 19. h6 g6 20. c4 Qb6 21. Ne2 b4 22. Rhd1 b3 23. axb3 Qxb3 24. Rc3 Qb6 25. Bc2 a5 26. Qxd6 Qxd6 27. Rxd6 Ne5 28. Nd4 Rec7 29. c5 Kf8 30. Nb3 Nc6 31. Bd3 a4 32. Nd2 Nb4 33. Bb5 Bc6 34. Bxc6 Rxc6 35. Rxc6 Rxc6 36. e5 Nd5 37. Rc1 Nf4 38. Ne4 Nd3 39. Rc4 Nxe5 40. Rxa4 f5 41. Ng5 1-0

[Event "94th ARG-ch Superior 2019"]
[Site "Buenos Aires"]
[Date "2019.09.22"]
[Round "7.2"]
[White "Krysa, Leandro"]
[Black "Scarella, Enrique Alejandro"]
[Result "1-0"]
[ECO "A00"]
[WhiteElo "2519"]
[BlackElo "2302"]
[Annotator "Igor"]
[PlyCount "61"]
[EventDate "2019.09.16"]
[EventType "tourn"]
[EventCountry "ARG"]
[TimeControl "40/5400+30:1800+30"]

1. d4 Nf6 2. c4 c5 3. d5 b5 4. cxb5 a6 5. e3 g6 6. Nc3 Bg7 7. a4 O-O 8. e4 axb5 9. Bxb5 d6 10. Nf3 Ba6 11. Qe2 Bxb5 12. Nxb5 Na6 13. O-O Nc7 14. Nxc7 Qxc7 15. Bd2 Nd7 16. Bc3 Rfb8 17. Rfe1 Bxc3 18. bxc3 Nb6 19. c4 Rxa4 20. Rxa4 Nxa4 21. e5 Rb2 22. Qe3 Qb8 23. h4 Qb3 24. Qh6 Qc2 25. Rf1 Rb1 26. Ng5 Rxf1+ 27. Kh2 Rh1+ 28. Kxh1 Qc1+ 29. Kh2 Qf4+ 30. Kh3 Qf5+ 31. g4 1-0

[Event "94th ARG-ch Superior 2019"]
[Site "Buenos Aires"]
[Date "2019.09.22"]
[Round "7.6"]
[White "Dolezal, Cristian"]
[Black "Peralta, Fernando"]
[Result "0-1"]
[ECO "A00"]
[WhiteElo "2414"]
[BlackElo "2566"]
[Annotator "Igor RC"]
[PlyCount "90"]
[EventDate "2019.09.16"]
[EventType "tourn"]
[EventCountry "ARG"]
[TimeControl "40/5400+30:1800+30"]

1. e4 c6 2. Nc3 d5 3. Nf3 Bg4 4. h3 Bxf3 5. Qxf3 Nf6 6. Be2 e6 7. O-O Bc5 8. d3 O-O 9. Qg3 Nbd7 10. Bg5 Bd4 11. Bh6 Ne8 12. Be3 Bxe3 13. Qxe3 Nd6 14. Rfe1 Re8 15. Bf1 b5 16. e5 Nf5 17. Qf4 Qc7 18. g4 Ne7 19. Qg3 b4 20. Na4 Qa5 21. b3 Nb6 22. Nb2 Qc5 23. Re2 Qd4 24. Rb1 a5 25. Qe3 c5 26. Nd1 Ng6 27. Rc1 Nd7 28. c3 bxc3 29. Nxc3 Ngxe5 30. Qg3 Rab8 31. Rec2 Ng6 32. Na4 Rbc8 33. Qe3 Qb4 34. d4 cxd4 35. Rxc8 dxe3 36. Rxe8+ Ndf8 37. fxe3 Qd2 38. Rcc8 Qxe3+ 39. Kh1 Qe1 40. Kg2 Nh4+ 41. Kg1 Qg3+ 42. Kh1 g5 43. Rxf8+ Kg7 44. Rg8+ Kh6 45. Rc3 Qf2 0-1

[Event "94th ARG-ch Superior 2019"]
[Site "Buenos Aires"]
[Date "2019.09.23"]
[Round "8.5"]
[White "Scarella, Enrique Alejandro"]
[Black "Tristan, Leonardo"]
[Result "0-1"]
[ECO "A00"]
[WhiteElo "2302"]
[BlackElo "2509"]
[Annotator "Igor RC"]
[PlyCount "108"]
[EventDate "2019.09.16"]
[EventType "tourn"]
[EventCountry "ARG"]
[TimeControl "40/5400+30:1800+30"]

1. Nf3 d5 2. c4 d4 3. g3 Nc6 4. Bg2 e5 5. d3 Bb4+ 6. Bd2 a5 7. O-O Nf6 8. Na3 O-O 9. Nc2 Bxd2 10. Nxd2 Bf5 11. a3 Qd6 12. Rb1 Qe6 13. Nf3 Rad8 14. b4 axb4 15. axb4 h6 16. b5 Ne7 17. Re1 Bh3 18. Qd2 Bxg2 19. Kxg2 Nf5 20. Rbd1 e4 21. dxe4 Nxe4 22. Qb4 Qb6 23. c5 Nxc5 24. Nfxd4 Nxd4 25. Nxd4 Ne4 26. Qc4 Rd7 27. e3 Rfd8 28. Qc2 Ng5 29. h4 Nh7 30. Rc1 Nf8 31. Qe4 Ng6 32. h5 Re7 33. Qf5 Re5 34. Qf3 Ne7 35. Qf4 Qd6 36. g4 Nd5 37. Qg3 Rde8 38. Nf5 Qb4 39. Nd4 Qb2 40. Kg1 Qb4 41. Re2 Re4 42. Rec2 Nxe3 43. fxe3 Rxe3 44. Nf3 R8e4 45. Rg2 Rf4 46. Rf1 Qe4 47. Qh4 Rfxf3 48. Rxf3 Qxf3 49. Qd8+ Kh7 50. Qxc7 Rd3 51. Qe5 Rd5 52. Qc7 f5 53. Qc2 Rd1+ 54. Kh2 Qf4+ 0-1

[Event "94th ARG-ch Superior 2019"]
[Site "Buenos Aires"]
[Date "2019.09.24"]
[Round "9.2"]
[White "Tristan, Leonardo"]
[Black "Perez, Maximiliano"]
[Result "1/2-1/2"]
[ECO "A00"]
[WhiteElo "2509"]
[BlackElo "2429"]
[Annotator "ChessBase"]
[PlyCount "61"]
[EventDate "2019.09.16"]
[EventType "tourn"]
[EventCountry "ARG"]
[SourceTitle "playchess.com"]
[Source "ChessBase"]
[SourceQuality "1"]
[TimeControl "40/5400+30:1800+30"]

1. e4 e5 2. Nf3 Nf6 3. Nxe5 d6 4. Nf3 Nxe4 5. d3 Nf6 6. d4 d5 7. Bd3 Bd6 8. Qe2+ Qe7 9. Qxe7+ Kxe7 10. O-O h6 11. Re1+ Be6 12. Nh4 Kd8 13. Nf5 Bxf5 14. Bxf5 Nc6 15. c3 Re8 16. Rxe8+ Kxe8 17. Be3 Ne7 18. Bh3 Nh7 19. g3 Ng5 20. Bxg5 hxg5 21. Nd2 c6 22. Re1 Kd8 23. Nf3 f6 24. Bf1 Kd7 25. Bd3 Re8 26. Kg2 Ng8 27. Bf5+ Kd8 28. Rxe8+ Kxe8 29. Bg6+ Kd7 30. Bf5+ Ke8 31. Bg6+ 1/2-1/2

[Event "94th ARG-ch Superior 2019"]
[Site "Buenos Aires"]
[Date "2019.09.24"]
[Round "9.6"]
[White "Peralta, Fernando"]
[Black "Valerga, Diego"]
[Result "1/2-1/2"]
[ECO "A00"]
[WhiteElo "2566"]
[BlackElo "2418"]
[Annotator "Igor"]
[PlyCount "47"]
[EventDate "2019.09.16"]
[EventType "tourn"]
[EventCountry "ARG"]
[TimeControl "40/5400+30:1800+30"]

1. d4 d5 2. c4 e6 3. Nc3 c5 4. cxd5 exd5 5. Nf3 Nc6 6. Be3 c4 7. g3 Bb4 8. Bg2 Nge7 9. O-O O-O 10. Bd2 Bf5 11. a3 Bxc3 12. bxc3 Be4 13. a4 Na5 14. Ra2 Nb3 15. Bg5 f6 16. Bc1 Re8 17. Re1 Qa5 18. Bb2 Nc6 19. Ra3 Qb6 20. Ra2 Qa5 21. Ra3 Qb6 22. Ba1 Qa5 23. Bb2 Qb6 24. Ra2 1/2-1/2

[Event "94th ARG-ch Superior 2019"]
[Site "Buenos Aires"]
[Date "2019.09.25"]
[Round "10.1"]
[White "Aguilar, Andres"]
[Black "Valerga, Diego"]
[Result "0-1"]
[ECO "A00"]
[WhiteElo "2319"]
[BlackElo "2418"]
[Annotator "Igor"]
[PlyCount "96"]
[EventDate "2019.09.16"]
[EventType "tourn"]
[EventCountry "ARG"]
[TimeControl "40/5400+30:1800+30"]

1. c4 c6 2. Nf3 d5 3. g3 g6 4. Bg2 Bg7 5. d4 Nf6 6. O-O dxc4 7. Na3 b5 8. Ne5 Nd5 9. Nc2 Bb7 10. e4 Nb6 11. f4 N8d7 12. Nf3 O-O 13. Be3 e6 14. Qe2 Qe7 15. Rad1 Rad8 16. Qf2 f5 17. exf5 exf5 18. Ne5 Nd5 19. Bd2 N7f6 20. Ba5 Rde8 21. a3 Ne4 22. Bxe4 fxe4 23. Bb4 Nxb4 24. axb4 g5 25. Ra1 a6 26. Ra3 Bc8 27. Qe1 Bxe5 28. dxe5 c5 29. bxc5 Qxc5+ 30. Qe3 Qxe3+ 31. Nxe3 Bh3 32. Rd1 gxf4 33. gxf4 Kh8 34. Nd5 Rg8+ 35. Rg3 Rxg3+ 36. hxg3 Rd8 37. Ne3 Rxd1+ 38. Nxd1 b4 39. Ne3 Be6 40. Nc2 a5 41. Kf2 c3 42. bxc3 bxc3 43. f5 Bxf5 44. Ke3 a4 45. Na3 Kg7 46. Kd4 e3 47. Kxe3 c2 48. Kd2 Bd3 0-1

[Event "94th ARG-ch Superior 2019"]
[Site "Buenos Aires"]
[Date "2019.09.25"]
[Round "10.2"]
[White "Flores, Diego"]
[Black "Peralta, Fernando"]
[Result "1/2-1/2"]
[ECO "A00"]
[WhiteElo "2602"]
[BlackElo "2566"]
[Annotator "Igor"]
[PlyCount "73"]
[EventDate "2019.09.16"]
[EventType "tourn"]
[EventCountry "ARG"]
[TimeControl "40/5400+30:1800+30"]

1. c4 e6 2. Nf3 d5 3. d4 Nf6 4. Nc3 Bb4 5. cxd5 exd5 6. Qa4+ Nc6 7. Bg5 h6 8. Bxf6 Qxf6 9. e3 O-O 10. Be2 a6 11. a3 Bxc3+ 12. bxc3 Bf5 13. O-O b5 14. Qb3 Qd6 15. Nd2 Na5 16. Qb4 Nc4 17. Nxc4 bxc4 18. Qxd6 cxd6 19. Bf3 Be6 20. Rfb1 Rab8 21. g4 Rb3 22. Rxb3 cxb3 23. Rb1 Rb8 24. Rb2 a5 25. a4 Bd7 26. Bxd5 Bxa4 27. f3 Kf8 28. Kf2 Rc8 29. c4 Rb8 30. c5 dxc5 31. dxc5 Rc8 32. c6 Bxc6 33. Bxc6 Rxc6 34. Rxb3 Ra6 35. Ke2 a4 36. Ra3 g5 37. Kd3 1/2-1/2

[Event "94th ARG-ch Superior 2019"]
[Site "Buenos Aires"]
[Date "2019.09.25"]
[Round "10.3"]
[White "Acosta, Pablo Ismael"]
[Black "Dolezal, Cristian"]
[Result "1/2-1/2"]
[ECO "A00"]
[WhiteElo "2445"]
[BlackElo "2414"]
[Annotator "Igor"]
[PlyCount "79"]
[EventDate "2019.09.16"]
[EventType "tourn"]
[EventCountry "ARG"]
[TimeControl "40/5400+30:1800+30"]

1. d4 Nf6 2. Nf3 g6 3. Bf4 d6 4. e3 Bg7 5. h3 O-O 6. Be2 b6 7. O-O Bb7 8. a4 a6 9. Nbd2 Ne4 10. Nxe4 Bxe4 11. a5 b5 12. c4 c5 13. dxc5 dxc5 14. cxb5 axb5 15. Qb3 Rxa5 16. Rad1 Qb6 17. Ng5 Ra4 18. Qxb5 Qxb5 19. Bxb5 Rb4 20. Nxe4 Rxb5 21. Rd5 Nc6 22. b3 Rxb3 23. Rxc5 Nd8 24. Rc7 e5 25. Bg5 Ne6 26. Nc5 Nxc7 27. Nxb3 Ne6 28. Bh4 Rb8 29. Nd2 Rb4 30. g4 g5 31. Bg3 f6 32. Ra1 Bf8 33. Ra7 Nc5 34. Kg2 Ra4 35. Rxa4 Nxa4 36. h4 gxh4 37. Bxh4 Kf7 38. Ne4 Be7 39. Ng3 Nc3 40. Nf5 1/2-1/2

[Event "94th ARG-ch Superior 2019"]
[Site "Buenos Aires"]
[Date "2019.09.25"]
[Round "10.4"]
[White "Scarella, Enrique Alejandro"]
[Black "Bitelmajer, Martin"]
[Result "0-1"]
[ECO "A00"]
[WhiteElo "2302"]
[BlackElo "2469"]
[Annotator "Igor"]
[PlyCount "155"]
[EventDate "2019.09.16"]
[EventType "tourn"]
[EventCountry "ARG"]
[TimeControl "40/5400+30:1800+30"]

1. d4 Nf6 2. Nf3 e6 3. g3 c5 4. Bg2 cxd4 5. O-O d5 6. Nxd4 e5 7. Nb3 Nc6 8. Bg5 Be6 9. Nc3 d4 10. Ne4 Be7 11. Bxf6 gxf6 12. c3 dxc3 13. Nxc3 Qxd1 14. Rfxd1 O-O 15. Nd5 Bd8 16. Nc5 Bc8 17. Ne4 Kg7 18. Nd6 Bg4 19. Bf3 Bxf3 20. exf3 Nd4 21. f4 Rb8 22. Kg2 b5 23. Rac1 Bb6 24. Ne4 Bd8 25. Nc5 Re8 26. Nd7 Ra8 27. Re1 e4 28. Red1 Nf3 29. Nc3 a6 30. Nxe4 Nh4+ 31. gxh4 Rxe4 32. Kf3 Rc4 33. Rg1+ Kh8 34. Rce1 Bc7 35. Re4 f5 36. Re7 Rxf4+ 37. Ke2 Rxh4 38. Rxf7 Re8+ 39. Kd3 Rh3+ 40. Kc2 Rxh2 41. Rxf5 Re2+ 42. Kd3 Rhxf2 43. Nf6 Rd2+ 44. Ke4 Rde2+ 45. Kd3 Rg2 46. Rg5 Re3+ 47. Kxe3 Rxg1 48. Rh5 Rg7 49. Kd4 Bb6+ 50. Kd5 Bd8 51. Ne4 Rg6 52. Nc5 Be7 53. Ne6 Rg2 54. Kc6 Rxb2 55. Kd7 Bb4 56. Rh4 a5 57. Kc6 Rxa2 58. Kxb5 Re2 59. Rh6 Rg2 60. Rh5 Kg8 61. Rd5 h6 62. Rd7 Rg4 63. Nd4 Rg5+ 64. Kc4 h5 65. Nf3 Rf5 66. Nd4 Rc5+ 67. Kd3 h4 68. Ke4 Rh5 69. Nf3 h3 70. Rd1 h2 71. Rh1 Bd6 72. Ne1 a4 73. Kf3 a3 74. Nc2 a2 75. Kg2 Rb5 76. Na1 Rb1 77. Nc2 Rb2 78. Rc1 0-1

[Event "94th ARG-ch Superior 2019"]
[Site "Buenos Aires"]
[Date "2019.09.25"]
[Round "10.6"]
[White "Krysa, Leandro"]
[Black "Tristan, Leonardo"]
[Result "1-0"]
[ECO "A00"]
[WhiteElo "2519"]
[BlackElo "2509"]
[Annotator "Igor"]
[PlyCount "77"]
[EventDate "2019.09.16"]
[EventType "tourn"]
[EventCountry "ARG"]
[TimeControl "40/5400+30:1800+30"]

1. d4 Nf6 2. c4 e6 3. Nf3 d5 4. Nc3 Bb4 5. cxd5 exd5 6. Bg5 h6 7. Bh4 O-O 8. Qc2 c5 9. dxc5 g5 10. Bg3 Ne4 11. e3 Qa5 12. Bd3 Nd7 13. Bd6 Nxc3 14. O-O Re8 15. a3 Bxc5 16. b4 Qa4 17. bxc5 Qxc2 18. Bxc2 b6 19. cxb6 Nxb6 20. Nd4 Ne4 21. Bc7 Nc4 22. Ba4 Ba6 23. Bxe8 Rxe8 24. Rfb1 Kg7 25. Bb8 Re7 26. Rb4 Kg6 27. a4 h5 28. Nb5 Na5 29. Nxa7 f6 30. Rb6 Bd3 31. Nc6 Nxc6 32. Rxc6 Kf5 33. a5 Re8 34. Bc7 Bb5 35. Rb6 Nc3 36. a6 Ne2+ 37. Kh1 Bc4 38. a7 d4 39. Rb8 1-0

[Event "94th ARG-ch Superior 2019"]
[Site "Buenos Aires"]
[Date "2019.09.26"]
[Round "11.1"]
[White "Tristan, Leonardo"]
[Black "Aguilar, Andres"]
[Result "1-0"]
[ECO "A00"]
[WhiteElo "2509"]
[BlackElo "2319"]
[Annotator "Igor"]
[PlyCount "77"]
[EventDate "2019.09.16"]
[EventType "tourn"]
[EventCountry "ARG"]
[TimeControl "40/5400+30:1800+30"]

1. d4 Nf6 2. c4 g6 3. Nc3 Bg7 4. e4 d6 5. Be2 O-O 6. Nf3 Na6 7. Be3 c6 8. Nd2 e5 9. d5 Ne8 10. h4 f5 11. f3 f4 12. Bf2 c5 13. h5 g5 14. h6 Bf6 15. a3 Be7 16. b4 b6 17. Qb3 Rf6 18. g3 Rg6 19. gxf4 gxf4 20. O-O-O Bg5 21. Rdg1 Qf6 22. Qa4 Kf8 23. Bf1 Rxh6 24. Rxh6 Qxh6 25. Qc6 Rb8 26. Nb5 Qg7 27. Nxd6 Nxd6 28. Qxd6+ Qe7 29. bxc5 Qxd6 30. cxd6 h6 31. Nb3 Bd7 32. Kb2 Ba4 33. Bh3 Ke8 34. Be6 Rd8 35. Bh4 Rxd6 36. Bxg5 hxg5 37. Rxg5 Bxb3 38. Kxb3 Nc5+ 39. Kc3 1-0

[Event "94th ARG-ch Superior 2019"]
[Site "Buenos Aires"]
[Date "2019.09.26"]
[Round "11.2"]
[White "Pichot, Alan"]
[Black "Krysa, Leandro"]
[Result "1-0"]
[ECO "A00"]
[WhiteElo "2600"]
[BlackElo "2519"]
[Annotator "Igor"]
[PlyCount "69"]
[EventDate "2019.09.16"]
[EventType "tourn"]
[EventCountry "ARG"]
[TimeControl "40/5400+30:1800+30"]

1. e4 c5 2. Nf3 Nc6 3. d4 cxd4 4. Nxd4 Nf6 5. Nc3 e5 6. Ndb5 d6 7. Nd5 Nxd5 8. exd5 Nb8 9. a4 Be7 10. Be2 O-O 11. O-O Nd7 12. Bd2 a6 13. Na3 a5 14. Nc4 Nc5 15. f4 e4 16. Bc3 Bf6 17. Qd2 e3 18. Qxe3 Bf5 19. Qd2 Re8 20. Bxf6 Qxf6 21. Bf3 Rac8 22. b3 Qg6 23. Rae1 Bxc2 24. Nxd6 Qxd6 25. Qxc2 h6 26. g3 Qb6 27. Kg2 Rxe1 28. Rxe1 Qxb3 29. Qf5 Rf8 30. d6 Nd3 31. Re2 Qc3 32. Bd5 Nb4 33. Bxf7+ Kh8 34. d7 Nc6 35. Re8 1-0

[Event "94th ARG-ch Superior 2019"]
[Site "Buenos Aires"]
[Date "2019.09.26"]
[Round "11.3"]
[White "Bitelmajer, Martin"]
[Black "Perez, Maximiliano"]
[Result "1-0"]
[ECO "A00"]
[WhiteElo "2469"]
[BlackElo "2429"]
[Annotator "Igor"]
[PlyCount "67"]
[EventDate "2019.09.16"]
[EventType "tourn"]
[EventCountry "ARG"]
[TimeControl "40/5400+30:1800+30"]

1. d4 Nf6 2. c4 g6 3. g3 Bg7 4. Bg2 O-O 5. Nf3 d6 6. O-O Nbd7 7. Qc2 e5 8. Rd1 exd4 9. Nxd4 Re8 10. Nc3 a6 11. b3 Rb8 12. Bb2 c6 13. e4 Qe7 14. h3 c5 15. Nde2 b5 16. cxb5 axb5 17. Nf4 b4 18. Ncd5 Qf8 19. Rd2 Bb7 20. Rad1 Nxd5 21. Nxd5 Bxb2 22. Qxb2 Bxd5 23. Rxd5 Re6 24. Qd2 Rb6 25. f3 Qe7 26. h4 Rf6 27. f4 Re6 28. e5 f6 29. Rxd6 Rexd6 30. exd6 Qf8 31. Bd5+ Kg7 32. Be6 Qd8 33. Qd5 Ra6 34. Qb7 1-0

[Event "94th ARG-ch Superior 2019"]
[Site "Buenos Aires"]
[Date "2019.09.26"]
[Round "11.4"]
[White "Dolezal, Cristian"]
[Black "Scarella, Enrique Alejandro"]
[Result "1-0"]
[ECO "A00"]
[WhiteElo "2414"]
[BlackElo "2302"]
[Annotator "ChessBase"]
[PlyCount "103"]
[EventDate "2019.09.16"]
[EventType "tourn"]
[EventCountry "ARG"]
[SourceTitle "playchess.com"]
[Source "ChessBase"]
[SourceQuality "1"]
[TimeControl "40/5400+30:1800+30"]

1. e4 c5 2. Nf3 d6 3. d4 cxd4 4. Nxd4 Nf6 5. Nc3 Nc6 6. Be2 g6 7. O-O Bg7 8. Nb3 O-O 9. Re1 Be6 10. Bg5 Rc8 11. Qd2 Re8 12. Rad1 Ne5 13. Bb5 Bd7 14. Qe2 Bxb5 15. Qxb5 Qd7 16. Qe2 Nc4 17. Bc1 Qg4 18. f3 Qh5 19. Qf2 a6 20. a4 e6 21. Ne2 Nd7 22. c3 b5 23. Nf4 Qe5 24. Nd3 Qf6 25. axb5 axb5 26. Nd4 Rb8 27. Nc6 Rbc8 28. Ndb4 Bf8 29. Nd4 Nc5 30. Nxb5 Nb3 31. Nd3 Bg7 32. Nxd6 Nxd6 33. e5 Qe7 34. exd6 Qxd6 35. Bf4 Qc6 36. Be5 f6 37. Bf4 Bf8 38. Be3 e5 39. Qc2 Rb8 40. Re2 Rec8 41. Ne1 Bc5 42. Bxc5 Qxc5+ 43. Kh1 Kh8 44. Nd3 Qb6 45. Re4 Nd4 46. Qf2 Qb3 47. Rd2 Nc6 48. Qh4 Kg7 49. Nxe5 fxe5 50. Rd7+ Kg8 51. Qxh7+ Kf8 52. Qg7+ 1-0

[Event "94th ARG-ch Superior 2019"]
[Site "Buenos Aires"]
[Date "2019.09.26"]
[Round "11.6"]
[White "Valerga, Diego"]
[Black "Flores, Diego"]
[Result "1/2-1/2"]
[ECO "A00"]
[WhiteElo "2418"]
[BlackElo "2602"]
[Annotator "Igor"]
[PlyCount "61"]
[EventDate "2019.09.16"]
[EventType "tourn"]
[EventCountry "ARG"]
[TimeControl "40/5400+30:1800+30"]

1. d4 Nf6 2. c4 e6 3. Nc3 Bb4 4. Nf3 b6 5. Bg5 Bb7 6. e3 h6 7. Bh4 g5 8. Bg3 Ne4 9. Nd2 Bxc3 10. bxc3 Nxg3 11. fxg3 d6 12. e4 Nd7 13. Bd3 Qf6 14. Nf3 g4 15. Ng1 h5 16. Ne2 Qg5 17. Qd2 Qxd2+ 18. Kxd2 Ke7 19. Raf1 h4 20. Rf4 Rag8 21. Ke3 Rg7 22. gxh4 Rxh4 23. Ng3 Rgh7 24. Be2 Rxh2 25. Rxh2 Rxh2 26. Rxg4 Nf6 27. Rg5 Rh8 28. Bf3 Ba6 29. Be2 Bb7 30. Bf3 Ba6 31. Be2 1/2-1/2